 Dungeon Crawl Stone Soup version 0.29-a0-330-g52719c12eb (webtiles) character file.

Game seed: 3289524576081175313

314 Mefist the Magician (level 6, 0/32 HPs)
             Began as a Deep Elf Hedge Wizard on May 13, 2022.
             Killed by nerve-wracking pain
             ... invoked by an orc priest
              (9 damage)
             ... on level 4 of the Dungeon.
             The game lasted 00:34:54 (5892 turns).

Mefist the Magician (Deep Elf Hedge Wizard)         Turns: 5892, Time: 00:34:55

Health: 0/32       AC:  3    Str: 13    XL:     6   Next: 19%
Magic:  2/16       EV: 13    Int: 21    God:
Gold:   84         SH:  0    Dex: 14    Spells: 2/16 levels left

rFire   . . .      SeeInvis .   r - +0 short sword (vamp)
rCold   . . .      Faith    .   (no shield)
rNeg    . . .      Spirit   .   b - +0 robe
rPois   .          Reflect  .   c - +0 hat
rElec   .          Harm     .   B - +0 cloak
rCorr   +          Rampage  .   (no gloves)
Will    .....                   (no boots)
Stlth   ++........              (no amulet)
HPRegen 0.10/turn               k - ring of resist corrosion
MPRegen 0.15/turn               D - +6 ring of strength

@: about to teleport, on blink cooldown
A: no striking features
a: no special abilities


You were on level 4 of the Dungeon.
You visited 1 branch of the dungeon, and saw 6 of its levels.

You collected 192 gold pieces.
You spent 108 gold pieces at shops.

Inventory:

Hand Weapons
 a - a +0 dagger
 r - a +0 vampiric short sword (weapon)
 A - a +2 quarterstaff of chaos
 E - a +2 dagger of flaming
Missiles
 p - 4 poisoned darts
 v - 3 silver boomerangs
Armour
 b - a +0 robe (worn)
 c - a +0 hat (worn)
 B - a +0 cloak (worn)
Jewellery
 k - a ring of resist corrosion (left hand)
 C - an amulet of guardian spirit
 D - a +6 ring of strength (right hand)
Scrolls
 e - 4 scrolls of teleportation
 f - 2 scrolls of silence {unknown}
 g - a scroll of noise {unknown}
 j - a scroll of blinking {unknown}
 l - 2 scrolls of amnesia {unknown}
 m - 2 scrolls of fog
 n - 2 scrolls of vulnerability {unknown}
 s - a scroll of fear {unknown}
 w - 3 scrolls of identify {unknown}
 y - 2 scrolls of magic mapping {unknown}
Potions
 d - 2 potions of magic
 h - a potion of flight {unknown}
 i - a potion of degeneration {unknown}
 o - a potion of might {unknown}
 q - a potion of invisibility {unknown}
 t - a potion of curing {unknown}
 u - 2 potions of cancellation {unknown}
 x - a potion of berserk rage {unknown}
 z - a potion of mutation {unknown}


   Skills:
 + Level 3.3 Dodging
 + Level 3.3 Stealth
 + Level 5.5 Spellcasting
 * Level 3.1 Conjurations
 + Level 2.1 Hexes
 + Level 1.5 Summonings
 - Level 1.3 Translocations
 * Level 2.2 Air Magic
 * Level 2.2 Poison Magic


You had 2 spell levels left.
You knew the following spells:

 Your Spells              Type           Power      Damage    Failure   Level
a - Slow                  Hex            56%        N/A       4%          1
b - Blink                 Tloc           22%        N/A       9%          2
d - Conjure Flame         Conj/Fire      12%        6-21      16%         3
q - Call Imp              Summ           12%        N/A       9%          2
s - Mephitic Cloud        Conj/Pois/Air  16%        N/A       11%         3
x - Poisonous Vapours     Pois/Air       30%        N/A       6%          2
z - Magic Dart            Conj           76%        1d6       2%          1

Your spell library contained the following spells:

 Spells                   Type           Power      Damage    Failure   Level
 Sting                    Tmut/Pois      40%        1d5       6%          1
 Olgreb's Toxic Radiance  Pois           15%        N/A       38%         4


Dungeon Overview and Level Annotations

Branches:
Dungeon (6/15)
 Temple: D:4-7

Altars:
Gozag

Shops:
D:4 *   D:6 :

Annotations:
D:6 book shop


Message History

You feel strangely unstable.
You feel sick. The dart slug launches a dart at you. The slug dart hits you.
You feel sick.
Your surroundings suddenly seem different.
A goblin, an iguana, an adder and a ball python come into view.
Found a scroll labelled JIJAICANER.
You feel sick.
There are monsters nearby!
You feel sick.
You feel sick.
The adder hisses angrily.
The ball python hisses angrily.
As you read the scroll of teleportation, it crumbles to dust.
You feel strangely unstable.
You feel sick.
The iguana hisses angrily.
Casting: Mephitic Cloud (quite dangerous; 11% risk of failure)
Confirm with . or Enter, or press ? or * to list all spells.
You blink.
You feel sick.
You are no longer poisoned.
Your surroundings suddenly seem different.
Found 9 gold pieces.
Your magical contamination has completely faded away.
You feel stable enough to blink again.
The orc shouts!
The orc throws a stone.
The stone hits you but does no damage.
The orc throws a stone.
The stone hits you.
* * * LOW HITPOINT WARNING * * *
As you read the scroll of teleportation, it crumbles to dust.
You feel strangely unstable.
The orc throws a stone.
The stone barely misses you.
Casting: Blink (safe; 9% risk of failure)
Confirm with . or Enter, or press ? or * to list all spells.
Okay, then.
Casting: Blink (safe; 9% risk of failure)
Confirm with . or Enter, or press ? or * to list all spells.
You blink.
The orc priest calls upon Beogh to heal the orc.
The orc's wounds heal themselves!
The orc priest calls down the wrath of Beogh upon you.
Pain shoots through your body!
You die...

.........###### #.##.#..#
.#.##....############# #....#...
#.#........o.o......# ####.#..(
..##..#.#######.######### #...÷.
.........[...............###.....
.....o...........(.............>.
......##......##.########......##
...#####......##.# #####....#.#
#.< #....####@# #......#...# ..
####....####.####.###..#...##
.$.....w..oo.†.....##..#....#
......########.........#.....
...... #.....###.#..... .....
#.....# #.#..#.# ... ###.....#
#∩#+##.. .. .........# #..).<.. .
#####....# #......#


You could see an orc priest.

Vanquished Creatures
  Crazy Yiuf (D:3)
  2 iguanas
  An orc wizard (D:4)
  An adder (D:6)
  An ufetubus (D:5)
  3 dart slugs
  6 orcs
  6 endoplasms
  4 giant cockroaches
  5 goblins
  9 hobgoblins
  2 jackals (D:3)
  2 quokkas (D:1)
  8 ball pythons
  5 bats
  4 frilled lizards
  4 kobolds
  7 rats
71 creatures vanquished.

Vanquished Creatures (collateral kills)
  Jessica (D:3)
  Natasha (thrice) (D:2)
  A worm (D:2)
  A ball python (D:2)
  An endoplasm (D:3)
  A jackal (D:3)
  A kobold (D:2)
  A bat (D:3)
  A frilled lizard (D:3)
11 creatures vanquished.

Grand Total: 82 creatures vanquished

Notes
Turn   | Place    | Note
-------+----------+-------------------------------------------
     0 | D:1      | Mefist the Deep Elf Hedge Wizard began the quest for the
                  | Orb.
     0 | D:1      | Reached XP level 1. HP: 10/10 MP: 7/7
   154 | D:1      | Learned a level 1 spell: Slow
   264 | D:1      | Reached XP level 2. HP: 15/15 MP: 9/9
   267 | D:1      | Learned a level 2 spell: Blink
   270 | D:1      | Learned a level 2 spell: Call Imp
   351 | D:1      | Found a faded altar of an unknown god.
   667 | D:1      | Reached skill level 5 in Spellcasting
  1013 | D:1      | Reached XP level 3. HP: 18/19 MP: 6/11
  1017 | D:1      | Learned a level 3 spell: Mephitic Cloud
  1021 | D:1      | Learned a level 3 spell: Conjure Flame
  1431 | D:2      | Noticed Natasha
  2097 | D:2      | Killed Natasha
  2098 | D:2      | Reached skill level 1 in Hexes
  2098 | D:2      | Reached XP level 4. HP: 15/24 MP: 7/13
  2106 | D:2      | Reached skill level 1 in Poison Magic
  2417 | D:2      | Noticed Natasha
  2430 | D:2      | Killed Natasha
  2431 | D:2      | Reached skill level 1 in Air Magic
  2575 | D:2      | Noticed Natasha
  2802 | D:2      | Killed Natasha
  3068 | D:3      | Noticed Jessica
  3107 | D:3      | Reached XP level 5. HP: 22/28 MP: 9/14
  3195 | D:3      | Learned a level 2 spell: Poisonous Vapours
  3482 | D:3      | Found a runed translucent door.
  3483 | D:3      | Noticed Crazy Yiuf
  3616 | D:3      | Found an opulent altar of Gozag.
  4309 | D:3      | Killed Jessica
  4595 | D:3      | Killed Crazy Yiuf
  4744 | D:4      | Found Didomici's Assorted Antiques.
  4753 | D:4      | Bought a triangular pearl amulet for 90 gold pieces
  4753 | D:4      | Bought a scroll labelled TONECAISIT for 18 gold pieces
  4916 | D:5      | Entered Level 5 of the Dungeon
  4916 | D:5      | You fall into a shaft and drop 1 floor!
  5225 | D:6      | Found Teasimil's Book Emporium.
  5291 | D:5      | Noticed a centaur
  5613 | D:5      | Reached XP level 6. HP: 32/32 MP: 10/16
  5892 | D:4      | Killed from afar by an orc priest

Illustrated notes

Levels and vault maps discovered:
D:1:      dpeg_arrival_pond, layout_basic,
          chequers_ecumenical_altar_simple_redux, hangedman_decor_slide_cut
D:2:      layout_basic, columned_hall_lemuel, uniq_natasha
D:3:      layout_loops_ring, marbit_many_paths, serial_rivers,
          chequers_serial_rivers_micro_c, chequers_serial_rivers_small_a,
          chequers_serial_rivers_room_a, chequers_serial_rivers_micro_a,
          chequers_serial_rivers_room_a, chequers_serial_rivers_micro_e,
          dk_noncrumbling_4, chequers_serial_rivers_micro_d, minmay_vboxes,
          uniq_jessica, uniq_crazy_yiuf_cottage
D:4:      layout_basic, serial_shops, shop
D:5:      layout_basic, minmay_temple_entry_glass, serial_shops, shop,
          uniq_prince_ribbit1
D:6:      layout_loops_ring, serial_shops, shop, grunt_decor_fettered

Skill      XL: |  1  2  3  4  5 |
---------------+----------------+-----
Spellcasting   | 5 |  5.5
Conjurations   | 2 3 |  3.1
Hexes          | 1 2 |  2.1
Poison Magic   | 1 2 |  2.2
Air Magic      | 1 2 |  2.2
Dodging        | 3 |  3.3
Stealth        | 3 |  3.3
Summonings     | |  1.5
Translocations | |  1.3

Action                   |  1- 3 |  4- 6 || total
-------------------------+-------+-------++-------
Melee: Dagger            |    11 |       ||    11
       Short sword       |       |    24 ||    24
 Cast: Magic Dart        |    63 |    65 ||   128
       Slow              |     1 |       ||     1
       Call Imp          |     9 |    26 ||    35
       Blink             |     1 |     5 ||     6
       Poisonous Vapours |       |    26 ||    26
       Mephitic Cloud    |       |     2 ||     2
  Use: Scroll            |       |     5 ||     5
 Stab: Sleeping          |     7 |     1 ||     8
       Confused          |       |     1 ||     1
Armor: Robe              |     4 |    14 ||    18
Dodge: Dodged            |    11 |    57 ||    68

Table legend: (Time is in decaauts)
 A = Elapsed time spent in this place.
 B = Non-inter-level travel time spent in this place.
 C = Inter-level travel time spent in this place.
 D = Time resting spent in this place.
 E = Time spent auto-exploring this place.
 F = Levels seen in this place.
 G = Mean time per level.
                   A        B        C        D        E       F      G
               +--------+--------+--------+--------+--------+-----+--------+
         Total |   5904 |   5603 |    301 |   2354 |   2423 |   6 |  984.0 |
       Dungeon |   5904 |   5603 |    301 |   2354 |   2423 |   6 |  984.0 |
               +--------+--------+--------+--------+--------+-----+--------+

Top non-repeatable levels by time:
     D:3: 2027 daAuts
     D:1: 1405 daAuts
     D:2: 1288 daAuts
     D:6: 543 daAuts
     D:4: 443 daAuts
     D:5: 196 daAuts
